AoeStats
← OmarGutieG

Hill Fort

506365630Analyzed
2v2 RM · 19d ago on Sep 13, 2026· 39m 55s· 4 players
Game mode
Random Map
Map size
Medium (4 player)
Population
200
Speed
Normal
Resources
Standard
Victory
Conquest
Starting age
Dark Age
Ending age
Imperial Age
RankedLock teamsTeams togetherTeam positionsShared explorationLock speedFull tech treeHidden civsTurbo modeCheats
Victory
Defeat
🇪🇸 Armenians · Spain
1372
+13
🇪🇸 Malay · Spain
1371
+13
🇲🇽 Persians · Mexico
1317
-13
🇲🇽 Koreans · Mexico
1310
-13
armigame1
11:17 Feudal Age
12:09 Loom
15:25 Castle Age
14:53 Bloodlines
14:46 Gold Mining
15:20 Double-Bit Axe
20:25 Scale Barding Armor
21:09 Forging
23:12 Husbandry
24:16 Iron Casting
36:33 Wheelbarrow
36:12 Fletching
36:22 Padded Archer Armor
37:34 Bodkin Arrow
37:58 Leather Archer Armor
OmarGutieG
7:22 Loom
11:12 Feudal Age
16:14 Castle Age
15:03 Double-Bit Axe
16:31 Scale Mail Armor
18:04 Horse Collar
19:20 Forging
21:17 Heavy Plow
23:07 Wheelbarrow
23:25 Squires
23:12 Gambesons
23:47 Fletching
juanca12
11:00 Feudal Age
18:28 Castle Age
16:39 Scale Barding Armor
16:21 Double-Bit Axe
16:17 Horse Collar
18:09 Wheelbarrow
19:14 Bow Saw
21:51 Loom
22:30 Husbandry
24:39 Heavy Plow
29:29 Hand Cart
33:28 Forging
39:57 Imperial Age
38:39 Iron Casting
38:41 Elite Battle Elephant
40:25 Blast Furnace
Morrión
11:30 Feudal Age
16:05 Castle Age
15:28 Scale Mail Armor
15:16 Double-Bit Axe
15:34 Man-at-Arms
16:31 Loom
16:32 Horse Collar
18:44 Gambesons
21:04 Long Swordsman
22:14 Chain Mail Armor
22:28 Two-Handed Swordsman
23:34 Squires
23:49 Arson
25:12 Forging
26:39 Champion
Connection lost

Rejoining the realm…

Still unreachable

The connection could not be restored.

Session expired

The server has moved on; the page needs a fresh start.